 Dungeon Crawl Stone Soup version 0.32-a0-22-g6ae6769602 (webtiles) character file.

Game seed: 4798195400947874465

758 IdlyInterested the Slicer (level 7, -2/50 HPs)
             Began as a Demonspawn Gladiator on Jan 18, 2024.
             Was a Follower of Jiyva.
             Slain by a gnoll
             ... wielding a +0 whip
             ... led by a gnoll bouda
              (3 damage)
             ... on level 4 of the Dungeon.
             The game lasted 00:10:36 (2616 turns).

IdlyInterested the Slicer (Demonspawn Gladiator)    Turns: 2616, Time: 00:10:36

Health: -2/50      AC: 10    Str: 16    XL:     7   Next: 50%
Magic:  7/7        EV: 10    Int:  8    God:    Jiyva [*.....]
Gold:   178        SH:  4    Dex: 15    Spells: 6/6 levels left

rFire   . . .        f - +1 dagger (venom)
rCold   . . .        (no shield)
rNeg    . . .        c - +0 scale mail
rPois   .            (helmet restricted)
rElec   .            (no cloak)
rCorr   .            (no gloves)
SInv    .            (no boots)
Will    .....        u - amulet of faith Stlth
                     i - +4 ring of protection
HPRegen 1.08/turn    (no ring)
MPRegen 0.50/turn

%: faith
@: no status effects
A: horns 2, condensation shield, demonic touch 1
a: Renounce Religion


You were on level 4 of the Dungeon.
You worshipped Jiyva.
Jiyva was aware of your devotion.
You visited 1 branch of the dungeon, and saw 4 of its levels.
You also visited: Sewer.

You collected 178 gold pieces.

Inventory:

Hand Weapons
 a - a +0 rapier
 f - a +1 dagger of venom (weapon)
Missiles
 b - 7 boomerangs
 d - 3 throwing nets
 e - 7 javelins
 l - 29 stones (quivered)
Armour
 c - a +0 scale mail (worn)
 o - a scarf of harm
Jewellery
 i - a +4 ring of protection (left hand)
 u - an amulet of faith (around neck)
Wands
 r - a wand of roots (14)
Scrolls
 g - a scroll of teleportation
 h - 2 scrolls of poison
 k - a scroll of amnesia
 m - a scroll of vulnerability
 n - a scroll of fog
Potions
 p - a potion of degeneration {unknown}
 q - a potion of brilliance {unknown}
 s - a potion of invisibility {unknown}
 t - a potion of curing {unknown}


   Skills:
 - Level 2.0 Fighting
 - Level 12.5 Short Blades
 - Level 2.0 Throwing
 - Level 2.0 Armour
 - Level 2.6 Dodging
 + Level 1.0 Stealth
 - Level 2.0 Unarmed Combat
 - Level 1.0 Evocations
 - Level 1.0 Shapeshifting


You had 6 spell levels left.
You didn't know any spells.
Your spell library contained the following spells:

 Spells                   Type           Power      Damage    Failure   Level
 Sting                    Conj/Alch      0%         1d3       85%         1
 Mercury Vapours          Alch/Air       0%         N/A       94%         2
 Stone Arrow              Conj/Erth      0%         3d7       99%         3
 Animate Armour           Summ/Erth      0%         N/A       100%        4
 Olgreb's Toxic Radiance  Alch           0%         N/A       100%        4
 Lehudib's Crystal Spear  Conj/Erth      0%         10d2      100%        8


Dungeon Overview and Level Annotations

Branches:
Dungeon (4/15)              Sewer (visited)
 Temple: D:4-7

Altars:


Innate Abilities, Weirdness & Mutations

You have a pair of horns on your head.
A meltable shield of frost defends you. (SH +4)
Your touch may inflict minor irresistible damage on your foes.


Message History

The gnoll hits you but does no damage. x2
You hit the gnoll.
The gnoll is poisoned.
You headbutt the gnoll, but do no damage.
The gnoll is heavily wounded.
The gnoll hits you but does no damage. The gnoll misses you.
You barely miss the gnoll. Your headbutt misses the gnoll.
The gnoll is heavily wounded.
The gnoll is no longer moving quickly.
The gnoll hits you but does no damage. The gnoll barely misses you.
You barely miss the gnoll.
The gnoll is heavily wounded.
Your attacks no longer feel as feeble.
You hit the gnoll.
You touch the gnoll!
The gnoll is heavily wounded.
The gnoll hits you with a +0 whip. The gnoll hits you with a +0 flail.
* * * LOW HITPOINT WARNING * * *
You completely miss the gnoll.
You headbutt the gnoll, but do no damage.
The gnoll is severely wounded.
The gnoll hits you but does no damage. The gnoll closely misses you.
You closely miss the gnoll.
The gnoll is severely wounded.
The gnoll misses you. The gnoll hits you with a +0 whip!
* * * LOW HITPOINT WARNING * * *
You hit the gnoll.
The gnoll is poisoned.
The gnoll is severely wounded.
It was a potion of experience.
You feel more experienced!
Your Short Blades skill gained 7 levels and is now at level 12!
Training target 10.0 for Short Blades reached!
You have reached level 7!
Your demonic ancestry asserts itself...
Frost condenses into a shield before you.
The gnoll closely misses you. x2
You closely miss the gnoll. Your touch misses the gnoll.
The gnoll is severely wounded.
The gnoll is no longer moving quickly.
The gnoll hits you with a +0 flail.
* * * LOW HITPOINT WARNING * * *
The gnoll hits you with a +0 whip.
You die...

......#####............
..............)......<.
#......##...)..........
..............†....... .
......................
.. #...)..............
#.##..$...............
###....gg...............
.......@)........#......
....##.).....##.......#.
... #...##......#######.
.....#........ ###..
......................
#........ ....... .....#
#........ ..... ...>.#
#......... .....# .... #


You could see 2 gnolls.

Vanquished Creatures
  A hound (D:4)
  A gnoll bouda (D:4)
  4 jellies (Sewer)
  Ijyb (D:4)
  A gnoll (D:4)
  8 adders
  2 ribbon worms
  2 dart slugs (D:1)
  6 orcs
  6 bats
  14 endoplasms
  7 giant cockroaches
  7 goblins
  4 hobgoblins
  3 jackals
  4 quokkas
  6 ball pythons
  3 frilled lizards
  7 kobolds
  6 rats
93 creatures vanquished.

Vanquished Creatures (others)
  An adder (D:3)
  2 jackals (D:3)
  A bat (D:3)
  A frilled lizard (D:3)
  A kobold (D:3)
6 creatures vanquished.

Grand Total: 99 creatures vanquished

Notes
Turn   | Place    | Note
-------+----------+-------------------------------------------
     0 | D:1      | IdlyInterested the Demonspawn Gladiator began the quest for
                  | the Orb.
     0 | D:1      | Reached XP level 1. HP: 16/16 MP: 1/1
   201 | D:1      | Reached skill level 1 in Unarmed Combat
   220 | D:1      | You fall into a shaft and drop 1 floor!
   241 | D:2      | Discovered your monstrous ancestry.
   241 | D:2      | Gained mutation: You have a pair of small horns on your
                  | head. [demonic ancestry]
   241 | D:2      | Reached XP level 2. HP: 22/22 MP: 2/2
   259 | D:2      | Reached skill level 3 in Short Blades
   362 | D:2      | Reached skill level 1 in Armour
   441 | D:1      | Gained mutation: Your touch may inflict minor irresistible
                  | damage on your foes. [demonic ancestry]
   441 | D:1      | Reached XP level 3. HP: 26/27 MP: 3/3
   787 | D:1      | Reached skill level 1 in Stealth
  1631 | D:3      | Reached XP level 4. HP: 23/33 MP: 4/4
  1639 | D:3      | Reached skill level 1 in Evocations
  1678 | D:3      | Found a glowing drain.
  1709 | D:3      | Reached skill level 4 in Short Blades
  1709 | D:3      | Reached skill level 1 in Shapeshifting
  1716 | Sewer    | Entered a sewer
  1863 | Sewer    | Reached XP level 5. HP: 38/38 MP: 5/5
  2066 | Sewer    | Gained mutation: You have a pair of horns on your head.
                  | [demonic ancestry]
  2066 | Sewer    | Reached XP level 6. HP: 23/44 MP: 6/6
  2142 | Sewer    | Found a viscous altar of Jiyva.
  2214 | Sewer    | Became a worshipper of Jiyva Jauwnir the Shapeless
  2243 | D:3      | Reached skill level 5 in Short Blades
  2534 | D:4      | Reached * piety under Jiyva
  2561 | D:4      | Noticed Ijyb
  2576 | D:4      | Killed Ijyb
  2615 | D:4      | Reached skill level 12 in Short Blades
  2615 | D:4      | Gained mutation: A meltable shield of frost defends you.
                  | (SH +4) [demonic ancestry]
  2615 | D:4      | Reached XP level 7. HP: 4/50 MP: 7/7
  2616 | D:4      | HP: 1/50 [gnoll/+0 flail[a gnoll bouda] (5)]
  2616 | D:4      | Slain by a gnoll

Illustrated notes

Levels and vault maps discovered:
D:1:      lemuel_arrival_lava_pool, layout_loops_ring, corexii_hall_statues_i
D:2:      wander_river, layout_loops_ring, nrook_campfire
D:3:      layout_rooms, gup_sewer_entry_glass
D:4:      layout_rooms, glass_columns_a, uniq_ijyb

Skill      XL: |  1  2  3  4  5  6 |
---------------+-------------------+-----
Unarmed Combat | 1 2 |  2.0
Short Blades   | 3 4 12 | 12.5
Armour         | 1 2 |  2.0
Stealth        | 1 |  1.0
Evocations     | 1 |  1.0
Shapeshifting  | 1 |  1.0
Throwing       | 2 |  2.0
Fighting       | |  2.0
Dodging        | |  2.6

Action                     |  1- 3 |  4- 6 |  7- 9 || total
---------------------------+-------+-------+-------++-------
  Melee: Dagger            |    94 |   140 |     1 ||   235
         Rapier            |     5 |       |       ||     5
         Headbutt          |    11 |    26 |       ||    37
         Touch             |     8 |    27 |       ||    35
         Punch             |       |     3 |       ||     3
  Throw: Stone             |       |     7 |       ||     7
    Use: Scroll            |     2 |     4 |       ||     6
         Potion            |       |     2 |       ||     2
   Stab: Sleeping          |     1 |       |       ||     1
 Armour: Leather armour    |    52 |       |       ||    52
         Ring mail         |     3 |    12 |       ||    15
         Scale mail        |       |    64 |     2 ||    66
  Dodge: Dodged            |    47 |    61 |     2 ||   110

Table legend: (Time is in decaauts)
 A = Elapsed time spent in this place.
 B = Non-inter-level travel time spent in this place.
 C = Inter-level travel time spent in this place.
 D = Time resting spent in this place.
 E = Time spent auto-exploring this place.
 F = Levels seen in this place.
 G = Mean time per level.
                   A        B        C        D        E       F      G
               +--------+--------+--------+--------+--------+-----+--------+
         Total |   2614 |   2490 |    124 |    376 |   1372 |   5 |  522.8 |
       Dungeon |   2090 |   1966 |    124 |    139 |   1304 |   4 |  522.5 |
         Sewer |    524 |    524 |      0 |    237 |     68 |   1 |  524.0 |
               +--------+--------+--------+--------+--------+-----+--------+

Top non-repeatable levels by time:
     D:1: 865 daAuts
     D:2: 750 daAuts
   Sewer: 524 daAuts
     D:3: 398 daAuts
     D:4: 75 daAuts
